 Dungeon Crawl Stone Soup version 0.29-a0-82-g837932c90e (webtiles) character file.

Game seed: 12695089298863258397

14627 porpoise the Fighter (level 12, -11/96 HPs)
             Began as a Djinni Conjurer on Feb 4, 2022.
             Was an Initiate of Ashenzari.
             Mangled by a two-headed ogre (29 damage)
             ... on level 1 of the Orcish Mines.
             The game lasted 01:02:47 (12380 turns).

porpoise the Fighter (Djinni Conjurer)             Turns: 12380, Time: 01:02:48

Health: -11/96     AC:  6    Str: 10    XL:     12   Next: 47%
Gold:   1021       EV: 13    Int: 22    God:    Ashenzari [......] SH:  0 Dex: 11

rFire   + + .      SeeInvis .   b - +0 hunting sling
rCold   x . .      Faith    .   (no shield)
rNeg    . . .      Spirit   .   y - +0 troll leather armour of the Eternal Blue Moon {Regen+, Evo, Cun} (curse)
rPois   ∞          Reflect  .   e - +0 helmet
rElec   .          Harm     .   (no cloak)
rCorr   +          Rampage  .   r - +0 pair of gloves
Will    +....                   (boots unavailable)
Stlth   +++.......              (no amulet)
HPRegen 1.06/turn               x - ring of resist corrosion
MPRegen 0.00/turn               (no ring)

@: flying
A: sickness immunity, fire resistance 2, cold vulnerability 1, float, innate
caster, HP casting, extra vitality 1
a: Renounce Religion, Curse Item, Shatter the Chains


You were on level 1 of the Orcish Mines.
You worshipped Ashenzari.
Ashenzari was noncommittal.
You visited 3 branches of the dungeon, and saw 13 of its levels.

You collected 1021 gold pieces.

Inventory:

Hand Weapons
 a - a +2 whip of electrocution
 b - a +0 hunting sling (weapon)
 w - a +2 short sword of freezing
Missiles
 g - 94 bolts
 k - 30 poisoned darts
 m - 351 stones (quivered ammo)
 p - 226 arrows
 A - 6 boomerangs
Armour
 e - a +0 helmet (worn)
 o - a +1 leather armour of cold resistance
 r - a +0 pair of gloves (worn)
 y - the cursed +0 troll leather armour of the Eternal Blue Moon (worn) {Regen+, Evo, Cun}
   (You took it off a gnoll on level 5 of the Dungeon)

   Regen:     It increases your rate of health regeneration.
   It has a curse which improves the following skills: Evocations: Evocations.
   Cunning:   Dodging and Stealth.
 G - the +1 ring mail of Altruism {rPois rF++ rCorr Str-3 Slay-6}
   (You took it off an orc on level 8 of the Dungeon)

   Str:       It affects your strength (-3).
   Slay:      It affects your accuracy & damage with ranged weapons and melee
   (-6).
   rF:        It greatly protects you from fire.
   rPois:     It protects you from poison.
   rCorr:     It protects you from acid and corrosion.
 L - a +0 troll leather armour
Jewellery
 x - a ring of resist corrosion (left hand)
 H - a ring of resist corrosion
Wands
 F - a wand of flame (20)
Scrolls
 d - a scroll of blinking
 f - a scroll of enchant armour {unknown}
 i - 2 scrolls of fog
 l - 7 scrolls of teleportation
 t - a scroll of fear {unknown}
 v - a scroll of magic mapping
 B - 4 scrolls of torment
 D - 2 scrolls of immolation {unknown}
 E - 2 scrolls of noise {unknown}
 K - a scroll of amnesia {unknown}
Potions
 c - 3 potions of attraction
 h - 4 potions of curing
 j - 3 potions of mutation
 n - 2 potions of lignification
 q - a potion of heal wounds
 s - a potion of haste
 u - a potion of brilliance {unknown}
 z - 2 potions of ambrosia
 C - 3 potions of might {unknown}
 I - a potion of magic {unknown}
 J - a potion of berserk rage {unknown}


   Skills:
 * Level 12.3 Fighting
 - Level 4.0 Slings
 + Level 5.7(6.1) Dodging
 - Level 5.0(5.4) Stealth
 * Level 10.1 Spellcasting


You had 2 spell levels left.
You knew the following spells:

 Your Spells              Type           Power      Damage    Failure   Level
a - Magic Dart            Conj           100%       1d8       1%          1
b - Searing Ray           Conj           100%       2d8       1%          2
c - Fulminant Prism       Conj/Hex       27%        3d14      1%          4
d - Iskenderun's Mystic   Conj/Tloc      54%        2d12      1%          4
e - Leda's Liquefaction   Hex/Erth       27%        N/A       1%          4
i - Call Imp              Summ           54%        N/A       1%          2
p - Pain                  Necr           100%       1d9       1%          1
r - Irradiate             Conj/Tmut      27%        3d22      3%          5
t - Confusing Touch       Hex            54%        N/A       1%          3
z - Dazzling Flash        Conj/Hex       100%       N/A       1%          3
Your spell library was empty.

Dungeon Overview and Level Annotations

Branches:
Dungeon (10/15)            Temple (1/1) D:5            Lair (0/6) D:10
    Orc (2/2) D:10
    Elf: Orc:2

Altars:
Ashenzari
Cheibriados
Dithmenos
Elyvilon
Fedhas
Gozag
Hepliaklqana
Kikubaaqudgha
Makhleb
Nemelex Xobeh
Okawaru
Qazlal
Ru
Sif Muna
Trog
Uskayaw
Vehumet
Wu Jian
Xom
Yredelemnul
Zin
The Shining One
Lugonu

Shops:
D:9 (*


Innate Abilities, Weirdness & Mutations

You are immune to sickness and miasma.
You are immune to poison.
Your flesh is very heat resistant. (rF++)
You are vulnerable to cold. (rC-)
You float through the air rather than walking.
You learn spells naturally, not from books.
Your magical power is your life essence.
You have superior vitality. (+4 MHP)


Message History

The orc warrior shouts!
You hear a shout!
The ogre mage hits you from afar with a +0 spear!
The two-headed ogre hits you with a +0 giant club! x2
The two-headed ogre hits you with a +0 dire flail!
The two-headed ogre closely misses you. The orc closely misses you.
A two-headed ogre comes into view.
It is wielding a +0 giant club and a +0 dire flail.
The ogre mage misses you. The orc hits you but does no damage.
A two-headed ogre comes into view. It is wielding two +0 giant clubs.
There is a stone staircase leading up here.
The two-headed ogre hits you with a +0 giant club.
The two-headed ogre barely misses you. The orc barely misses you.
The ogre completely misses you.
The two-headed ogre hits you with a +0 dire flail.
The two-headed ogre hits you with a +0 giant spiked club.
The orc priest calls down the wrath of Beogh upon you.
Beogh smites you!
The ogre mage hits you from afar with a +0 spear!
* * * LOW HITPOINT WARNING * * *
The orc hits you with a +0 short sword.
* * * LOW HITPOINT WARNING * * *
The two-headed ogre moves out of view.
You hear two shouts!
The orc priest shouts!
You fly upwards.
There is a stone staircase leading down here.
Casting: Iskenderun's Mystic Blast (mildly dangerous; 1% risk of failure)
Confirm with . or Enter, or press ? or * to list all spells.
You erupt in a blast of force!
The mystic blast hits the ogre!!
The ogre is severely wounded.
The ogre is knocked back by the mystic blast.
The mystic blast hits the two-headed ogre but does no damage.
The mystic blast hits the two-headed ogre!
The two-headed ogre is lightly wounded.
The two-headed ogre is knocked back by the mystic blast.
The mystic blast hits the orc!
You kill the orc!
The mystic blast hits the orc!
You kill the orc!
* * * LOW HITPOINT WARNING * * *
The two-headed ogre hits you with a +0 giant club!!
You die...

##.........##.###........
##.........#.##.........
##......................
##.#.....................
#.........#.............#
#...............#........
#........................
##......O................
#.....[@)[.............)
##....[).........#..).).
##.#.O...[...#.......>..
#...................)...
##..#...[...O............
#...#....................
##...#..................#
##...........##.........
#..........##..........


You could see 2 two-headed ogres and an ogre.

Vanquished Creatures
  7 two-headed ogres
  Pikel (D:8)
  An orc sorcerer (Orc:1)
  An orc knight (Orc:1)
  A komodo dragon (D:10)
  4 trolls
  Eustachio (D:4)
  A steam dragon (D:7)
  12 yaks
  A wraith (D:8)
  A warg (Orc:1)
  Duvessa (D:6)
  A water moccasin (D:7)
  A hornet zombie (D:8)
  A sky beast (D:8)
  12 orc warriors
  14 ogres
  2 lemures (D:8)
  4 centaurs
  6 bullfrogs
  2 scorpions
  A water moccasin zombie (D:5)
  A wyvern zombie (D:7)
  A wyvern skeleton (D:6)
  Dowan (D:6)
  3 wights (D:8)
  5 killer bees (D:10)
  4 howler monkeys
  2 bullfrog zombies (D:5)
  3 hounds
  2 centaur zombies (D:9)
  13 orc priests
  A bullfrog skeleton (D:6)
  A jelly (D:6)
  Jessica (D:2)
  An iguana (D:6)
  10 orc wizards
  A scorpion zombie (D:5)
  A killer bee zombie (D:5)
  A hound zombie (D:5)
  A howler monkey zombie (D:5)
  8 adders
  12 gnolls
  2 white imps
  An ufetubus (D:5)
  An adder skeleton (D:4)
  A worm (D:2)
  A dart slug (D:4)
  55 orcs
  8 ball pythons
  5 endoplasms
  2 giant cockroaches
  6 goblins
  5 hobgoblins
  12 jackals
  3 quokkas
  7 bats
  4 frilled lizards
  A goblin skeleton (D:8)
  A goblin zombie (D:8)
  3 hobgoblin zombies (D:8)
  7 kobolds
  2 orc zombies (D:8)
  A quokka skeleton (D:4)
  6 rats
  A fulminant prism (Orc:2)
284 creatures vanquished.

Vanquished Creatures (others)
  A wyvern zombie (D:8)
  An orc wizard (D:8)
  An orc (D:8)
  A butterfly (D:10)
  66 fulminant prisms
  5 fungi
  10 plants (D:10)
85 creatures vanquished.

Grand Total: 369 creatures vanquished

Notes
Turn   | Place    | Note
-------+----------+-------------------------------------------
     0 | D:1      | porpoise the Djinni Conjurer began the quest for the Orb.
     0 | D:1      | Reached XP level 1. HP: 15/15 MP: 0/0
   360 | D:1      | Reached XP level 2. HP: 10/22 MP: 0/0
   361 | D:1      | Reached skill level 1 in Fighting
  1209 | D:1      | Reached XP level 3. HP: 25/27 MP: 0/0
  1209 | D:1      | Learned a level 1 spell: Pain
  1998 | D:2      | Reached XP level 4. HP: 33/33 MP: 0/0
  2044 | D:2      | Noticed Jessica
  2053 | D:2      | Killed Jessica
  2054 | D:2      | Reached skill level 2 in Fighting
  2304 | D:3      | Found a hide-covered altar of Uskayaw.
  2680 | D:3      | Reached XP level 5. HP: 36/39 MP: 0/0
  2680 | D:3      | Learned a level 2 spell: Call Imp
  2887 | D:3      | Reached skill level 3 in Fighting
  3165 | D:3      | Reached XP level 6. HP: 46/46 MP: 0/0
  3888 | D:4      | Noticed Eustachio
  3902 | D:4      | Killed Eustachio
  4130 | D:4      | Reached skill level 4 in Fighting
  4130 | D:4      | Reached XP level 7. HP: 38/52 MP: 0/0
  4130 | D:4      | Learned a level 3 spell: Confusing Touch
  4853 | D:5      | Entered Level 5 of the Dungeon
  4853 | D:5      | Found a staircase to the Ecumenical Temple.
  4865 | Temple   | Entered the Ecumenical Temple
  5101 | D:5      | Found a shadowy altar of Dithmenos.
  5223 | D:5      | Found a hazy altar of Hepliaklqana.
  5309 | D:5      | Found a broken altar of Ashenzari.
  5456 | D:5      | Reached skill level 5 in Spellcasting
  5778 | D:5      | Reached XP level 8. HP: 50/58 MP: 0/0
  5795 | D:5      | Reached skill level 5 in Fighting
  6202 | D:5      | Found a basalt altar of Yredelemnul.
  6741 | D:6      | Noticed Duvessa
  6748 | D:6      | Noticed Dowan
  6760 | D:6      | Killed Duvessa
  6761 | D:6      | Reached skill level 6 in Fighting
  6766 | D:6      | Killed Dowan
  7236 | D:6      | Reached XP level 9. HP: 66/67 MP: 0/0
  7236 | D:6      | Learned a level 4 spell: Leda's Liquefaction
  7503 | D:6      | Found an iron altar of Okawaru.
  7664 | D:5      | Became a worshipper of Ashenzari the Shackled
  7895 | D:7      | Reached skill level 7 in Fighting
  8001 | D:7      | Reached skill level 5 in Stealth
  8738 | D:8      | Reached skill level 1 in Slings
  8811 | D:8      | Identified the +1 ring mail of Altruism {rPois rF++ rCorr
                  | Str-3 Slay-6}
  9014 | D:8      | Noticed Pikel
  9035 | D:8      | Killed Pikel
  9036 | D:8      | Reached skill level 8 in Fighting
  9036 | D:8      | Reached XP level 10. HP: 60/76 MP: 0/0
  9090 | D:8      | Found a glowing golden altar of the Shining One.
  9460 | D:9      | Found an opulent altar of Gozag.
  9528 | D:8      | Reached skill level 9 in Fighting
  9750 | D:9      | Found Gozag's Platinum Reserve.
 10006 | D:9      | Found a blossoming altar of Fedhas.
 10008 | D:9      | Found a stormy altar of Qazlal.
 10185 | D:9      | Found Aniskam's Weapon Emporium.
 10190 | D:9      | Upgraded the game from 0.29-a0-72-g1732ff48e7 to
                  | 0.29-a0-82-g837932c90e
 10216 | D:10     | Entered Level 10 of the Dungeon
 10263 | D:10     | Found a white marble altar of Elyvilon.
 10340 | D:10     | Reached XP level 11. HP: 50/85 MP: 0/0
 10340 | D:10     | Learned a level 5 spell: Irradiate
 10461 | D:10     | Found a snail-covered altar of Cheibriados.
 10468 | D:10     | Reached skill level 10 in Fighting
 10584 | D:10     | Found a sparkling altar of Nemelex Xobeh.
 10875 | D:10     | Found a staircase to the Orcish Mines.
 11015 | D:10     | Found a staircase to the Lair.
 11042 | Orc:1    | Entered Level 1 of the Orcish Mines
 11055 | Orc:1    | Noticed an orc sorcerer
 11059 | Orc:1    | Killed an orc sorcerer
 11496 | Orc:2    | Entered Level 2 of the Orcish Mines
 11519 | Orc:2    | Noticed a two-headed ogre
 11523 | Orc:2    | Killed a two-headed ogre
 11524 | Orc:2    | Reached skill level 11 in Fighting
 11528 | Orc:2    | Noticed a two-headed ogre
 11545 | Orc:2    | Killed a two-headed ogre
 11561 | Orc:2    | Noticed a two-headed ogre
 11572 | Orc:2    | Killed a two-headed ogre
 11599 | Orc:2    | Noticed a two-headed ogre
 11605 | Orc:2    | Noticed an orc knight
 11670 | Orc:1    | Reached XP level 12. HP: 89/94 MP: 0/0
 11756 | Orc:2    | Noticed a two-headed ogre
 11756 | Orc:2    | Noticed an orc warlord
 11826 | Orc:2    | Noticed a two-headed ogre
 11826 | Orc:2    | Noticed a two-headed ogre
 11826 | Orc:2    | Noticed a two-headed ogre
 11835 | Orc:1    | Killed a two-headed ogre
 11836 | Orc:1    | Reached skill level 5 in Dodging
 11842 | Orc:1    | Killed a two-headed ogre
 11928 | Orc:1    | Reached skill level 12 in Fighting
 12000 | Orc:2    | Noticed a two-headed ogre
 12014 | Orc:1    | Killed a two-headed ogre
 12015 | Orc:1    | Reached skill level 10 in Spellcasting
 12117 | Orc:2    | Noticed an ogre mage
 12117 | Orc:2    | Noticed an ogre mage
 12136 | Orc:2    | Noticed a two-headed ogre
 12145 | Orc:1    | Killed a two-headed ogre
 12377 | Orc:2    | Noticed a two-headed ogre
 12378 | Orc:2    | Noticed a two-headed ogre
 12380 | Orc:1    | Mangled by a two-headed ogre

Illustrated notes

Levels and vault maps discovered:
D:1:      evilmike_arrival_rings, layout_loops_ring, st_stairs_10
D:2:      layout_basic, uniq_jessica
D:3:      layout_basic, mainiacjoe_overflow_paths
D:4:      layout_basic, minivault_1, bh_walls_and_bars, uniq_eustachio
D:5:      layout_rooms, nicolae_dithmenos_the_darkroom,
          mainiacjoe_overflow_chevrons, nicolae_yredelemnul_corpse_copse,
          mainiacjoe_overflow_surrounded_room, minmay_temple_entry_trees,
          serial_curves, eino_curves_01, eino_curves_02, eino_curves_03,
          eino_curves_01, minmay_misc_feat_nine_boxes
D:6:      nicolae_cairo_tiling_large_dashed, layout_basic, okawaru_trees_1,
          small_statue_intersection, uniq_duvessa
D:7:      layout_basic
D:8:      layout_basic, fiery_altar_vehumet, nicolae_tso_besieged_by_evil,
          lemuel_flamethrower_2, uniq_pikel
D:9:      layout_rooms, grunt_temple_overflow_forces_of_nature,
          nicolae_gozag_zags_fifth_avenue, serial_shops, kennysheep_little_box
D:10:     layout_layer_cave, marbit_many_paths, nicolae_elyvilon_peaceful_grove,
          nicolae_overflow_crystal_walls, grunt_lair_entry_orc_guard_hut,
          orc_0_dummy
Temple:   corrupted_temple
Orc:1:    layout_caves
Orc:2:    st_orc_ogre_mass, layout_caves, uniq_josephine

Skill      XL: |  1  2  3  4  5  6  7  8  9 10 11 12 |
---------------+-------------------------------------+-----
Fighting       | 1 2 3 4 6 8 9 11 12 | 12.3
Stealth        | 2 3 4 5 |  5.0
Spellcasting   | 4 5 6 7 8 9 10 | 10.1
Slings         | 1 3 4 |  4.0
Dodging        | 4 5 |  5.7

Action                   |  1- 3 |  4- 6 |  7- 9 | 10-12 || total
-------------------------+-------+-------+-------+-------++-------
Melee: Rapier            |       |       |     8 |       ||     8
       Dagger            |       |       |     3 |       ||     3
       Whip              |       |       |       |    20 ||    20
 Fire: Hunting sling     |     5 |    31 |    83 |    46 ||   165
Throw: Dart              |       |       |     2 |       ||     2
 Cast: Magic Dart        |    34 |    19 |       |       ||    53
       Searing Ray       |    10 |    22 |    73 |    42 ||   147
       Fulminant Prism   |       |     3 |    14 |    51 ||    68
       Call Imp          |       |     1 |     2 |       ||     3
       Iskenderun's Myst |       |       |    17 |    72 ||    89
       Pain              |       |       |     2 |     4 ||     6
       Confusing Touch   |       |       |     1 |     1 ||     2
       Dazzling Flash    |       |       |     1 |       ||     1
       Irradiate         |       |       |       |     2 ||     2
       Leda's Liquefacti |       |       |       |     2 ||     2
Invok: Curse Item        |       |       |       |     1 ||     1
  Use: Scroll            |       |     4 |     8 |     1 ||    13
       Potion            |       |       |       |     3 ||     3
Armor: Robe              |     5 |     1 |     6 |       ||    12
       Troll leather arm |       |       |    15 |    28 ||    43
Dodge: Dodged            |     7 |     5 |    54 |    78 ||   144

Table legend: (Time is in decaauts)
 A = Elapsed time spent in this place.
 B = Non-inter-level travel time spent in this place.
 C = Inter-level travel time spent in this place.
 D = Time resting spent in this place.
 E = Time spent auto-exploring this place.
 F = Levels seen in this place.
 G = Mean time per level.
                   A        B        C        D        E       F      G
               +--------+--------+--------+--------+--------+-----+--------+
         Total |  12441 |  11983 |    458 |   3870 |   5989 |  13 |  957.0 |
       Dungeon |  11132 |  10803 |    329 |   3473 |   5599 |  10 | 1113.2 |
        Temple |     40 |     27 |     13 |      0 |     21 |   1 |   40.0 |
  Orcish Mines |   1268 |   1153 |    115 |    397 |    369 |   2 |  634.0 |
               +--------+--------+--------+--------+--------+-----+--------+

Top non-repeatable levels by time:
     D:5: 1689 daAuts
     D:8: 1455 daAuts
     D:1: 1447 daAuts
     D:4: 1380 daAuts
     D:3: 1293 daAuts
   Orc:1: 1113 daAuts
     D:6: 1015 daAuts
    D:10: 908 daAuts
     D:2: 856 daAuts
     D:7: 591 daAuts
     D:9: 493 daAuts
   Orc:2: 155 daAuts
  Temple: 40 daAuts
